 Dungeon Crawl Stone Soup version 0.24.0-2-g5b39cebb1c (webtiles) character file.

Game seed: 15041253940152224554, levelgen mode: deterministic

21074 Granthy the Thaumaturge (level 12, -6/81 HPs)
             Began as a Gnoll Wizard on Oct 28, 2019.
             Was an Elder of Vehumet.
             Mangled by a seven-headed hydra (7 damage)
             ... on level 5 of the Lair of Beasts on Oct 29, 2019.
             The game lasted 01:23:04 (22500 turns).

Granthy the Thaumaturge (Gnoll Wizard)             Turns: 22500, Time: 01:23:05

Health: -6/81      AC: 11    Str: 10    XL:     12   Next: 86%
Magic:  17/23      EV: 17    Int: 28    God:    Vehumet [****..]
Gold:   801        SH:  0    Dex: 15    Spells: 13/31 levels left

rFire    . . .     SeeInvis .   q - +1 great sword "Ladghela" {freeze, rN+ Int+4}
rCold    . . .     Gourm    .   (shield currently unavailable)
rNeg     + . .     Faith    .   U - +3 troll leather armour {Snorg}
rPois    .         Spirit   .   o - +0 helmet
rElec    .         Reflect  .   (no cloak)
rCorr    .         Harm     .   (no gloves)
MR       .....     Clarity  +   (no boots)
Stlth    ++++......             (no amulet)
HPRegen  0.63/turn              (no ring)
MPRegen  0.18/turn              (no ring)

@: no status effects
A: distributed training, fangs 1, molten scales 1, clarity, frail 1, low mp 1,
strong nose
a: Renounce Religion


You were on level 5 of the Lair of Beasts.
You worshipped Vehumet.
Vehumet was greatly pleased with you.
You were not hungry.

You visited 2 branches of the dungeon, and saw 15 of its levels.

You collected 801 gold pieces.

Inventory:

Hand Weapons
 g - a +0 short sword
 m - a cursed -1 quarterstaff
 q - the +1 great sword "Ladghela" (weapon) {freeze, rN+ Int+4}
   (You found it on level 4 of the Lair of Beasts)

   It has been specially enchanted to freeze those struck by it, causing extra
   injury to most foes and up to half again as much damage against particularly
   susceptible opponents.
   It can also slow down cold-blooded creatures.
   It affects your intelligence (+4).
   It protects you from negative energy.
 w - a +2 dagger of holy wrath
 I - a +4 halberd of freezing
Missiles
 x - 28 poisoned darts
 D - 3 javelins (quivered)
 Q - 388 stones
 X - 26 bolts
 Y - 3 curare-tipped darts
Armour
 a - a +0 robe
 b - a +0 hat
 o - a +0 helmet (worn)
 M - a +3 leather armour
 T - a +0 helmet
 U - a +3 troll leather armour (worn) {Snorg}
Magical Staves
 A - an uncursed staff of earth
Jewellery
 f - an uncursed ring of fire
 K - an uncursed amulet of regeneration {unknown}
Wands
 c - a wand of scattershot (4)
 t - a wand of clouds (5)
 G - a wand of random effects (19)
 R - a wand of digging (4)
 S - a wand of polymorph (6)
 W - a wand of iceblast (6)
 Z - a wand of enslavement (11)
Scrolls
 e - 2 scrolls of immolation
 i - 2 scrolls of teleportation
 k - 3 scrolls of magic mapping
 l - 4 scrolls of amnesia
 n - 6 scrolls of remove curse
 u - 3 scrolls of noise {unknown}
 y - 2 scrolls of fear
 C - 2 scrolls of blinking {unknown}
 E - a scroll of torment {unknown}
 F - a scroll of enchant weapon {unknown}
 H - 5 scrolls of enchant armour {unknown}
 L - a scroll of acquirement {unknown}
 N - a scroll of fog {unknown}
 O - a scroll of silence {unknown}
Potions
 h - 3 potions of agility
 j - 6 potions of flight
 p - 3 potions of ambrosia
 r - 3 potions of resistance
 s - 3 potions of invisibility
 v - a potion of berserk rage {unknown}
 z - 2 potions of cancellation {unknown}
 B - a potion of brilliance {unknown}
 J - 6 potions of curing
 P - 3 potions of heal wounds
 V - a potion of magic {unknown}
Comestibles
 d - 21 rations


   Skills:
 + Level 7.5 Fighting
 + Level 7.5 Short Blades
 + Level 7.5 Long Blades
 + Level 7.5 Axes
 + Level 7.5 Maces & Flails
 + Level 7.5 Polearms
 + Level 7.5 Staves
 + Level 7.5 Slings
 + Level 7.5 Bows
 + Level 7.5 Crossbows
 + Level 7.5 Throwing
 + Level 7.5 Armour
 + Level 8.9 Dodging
 + Level 8.7 Stealth
 + Level 7.5 Shields
 + Level 7.5 Unarmed Combat
 + Level 10.3 Spellcasting
 + Level 6.7 Conjurations
 + Level 6.2 Hexes
 + Level 6.2 Charms
 + Level 6.7 Summonings
 + Level 6.2 Necromancy
 + Level 6.7 Translocations
 + Level 6.2 Transmutations
 + Level 6.2 Fire Magic
 + Level 6.2 Ice Magic
 + Level 6.2 Air Magic
 + Level 6.2 Earth Magic
 + Level 6.2 Poison Magic
 + Level 8.3 Invocations
 + Level 7.5 Evocations


You had 13 spell levels left.
You knew the following spells:

 Your Spells              Type           Power        Failure   Level  Hunger
a - Magic Dart            Conj           ####         1%          1    None
b - Sting                 Conj/Pois      ####         1%          1    None
c - Mephitic Cloud        Conj/Pois/Air  ######..     1%          3    None
d - Shock                 Conj/Air       ####         1%          1    None
e - Stone Arrow           Conj/Erth      ######       1%          3    None
f - Lightning Bolt        Conj/Air       ######....   2%          5    ###....
g - Animate Dead          Necr           N/A          3%          4    None

Your spell library contained the following spells:

 Spells                   Type           Power        Failure   Level  Hunger
 Animate Skeleton         Necr           N/A          1%          1    None
 Pain                     Necr           ####         1%          1    None
 Blink                    Tloc           N/A          1%          2    None
 Call Imp                 Summ           ######..     1%          2    None
 Slow                     Hex            #####...     1%          2    None
 Conjure Flame            Conj/Fire      ######..     1%          3    None
 Regeneration             Chrm/Necr      #####.....   1%          3    None
 Vampiric Draining        Necr           #####.....   1%          3    None
 Irradiate                Conj/Tmut      ######....   2%          5    ###....
 Cause Fear               Hex            #####.....   3%          4    None
 Yara's Violent Unravell  Hex/Tmut       #####.....   3%          5    ###....
 Silence                  Hex/Air        #####.....   11%         5    ###....
 Deflect Missiles         Chrm/Air       #####.....   50%         6    #####..
 Hydra Form               Tmut           #####.....   50%         6    #####..
 Statue Form              Tmut/Erth      #####....    50%         6    #####..
 Dragon Form              Tmut           #####.....   97%         7    ######.
 Discord                  Hex            #####.....   100%        8    #######


Dungeon Overview and Level Annotations

Branches:
Dungeon (10/15)            Temple (0/1) D:6            Lair (5/6) D:9
 Shoals (0/4) Lair:3        Snake (0/4) Lair:3        Slime (0/5) Lair:5
    Orc (0/2) D:9

Altars:
Ashenzari
Dithmenos
Elyvilon
Fedhas
Hepliaklqana
Makhleb
Nemelex Xobeh
Qazlal
Trog
Uskayaw
Vehumet
Xom
Yredelemnul
The Shining One

Shops:
D:9 %

Annotations:
D:8 2 runed translucent doors, Zaque's ghost, novice TrHu
D:9 2 transporters, kuniqs's ghost, novice DEWz
D:10 3 runed translucent doors
Lair:1 exclusion: oklob plant


Innate Abilities, Weirdness & Mutations

Your experience applies equally to all skills.
You have very sharp teeth.
Your uncanny sense of smell can sniff out nearby items.
You are partially covered in molten scales. (AC +2)
You possess an exceptional clarity of mind.
You are frail. (-10% HP)
Your magical capacity is low. (-10% MP)


Message History

The seven-headed hydra is moderately wounded.
The catoblepas is engulfed in noxious fumes.
The catoblepas appears confused.
The seven-headed hydra bites you! The seven-headed hydra bites you. x2
The seven-headed hydra bites you but does no damage.
The seven-headed hydra bites you!
* * * LOW HITPOINT WARNING * * *
The seven-headed hydra bites you but does no damage.
The seven-headed hydra bites you!
* * * LOW HITPOINT WARNING * * *
As you read the scroll of fear, it crumbles to dust.
You assume a fearsome visage.
The catoblepas resists with some effort.
The seven-headed hydra resists with some effort.
The catoblepas is engulfed in noxious fumes.
The seven-headed hydra misses you. The seven-headed hydra bites you.
* * * LOW HITPOINT WARNING * * *
The seven-headed hydra completely misses you.
The seven-headed hydra bites you!
You die...

PP.#.#.P..##.......... ..PP##...
....... .......................#
.#...[.. .P.......Y.....P#P#P....
###.#.. .........§§...# ##.#.. .#
#..## #.......☼.☼.# ##..# ##
#...# ##.......○☼☼.## #P.#
####...# #.............# ##P.#
.##.#.# ###P...........######...P
.P#...###P##....@D.....##.#.#...P
P....................!..........[
#..P#......!#.####....#.........#
########..##### P..### #.......#
# ##..# #...# #........ P ..P#
#..## ##........ . .#.... ..P.
#......... ........ .....
........^# ∆ #. ....#. #......#..


You could see a catoblepas (confused) and a seven-headed hydra.

Vanquished Creatures
  Snorg (Lair:3)
  3 hydras
  8 elephants
  A merfolk siren (Lair:3)
  2 black mambas (Lair:4)
  A rime drake (Lair:4)
  6 spiny frogs
  6 komodo dragons
  A queen bee (Lair:1)
  14 blink frogs
  4 hippogriffs
  6 yaks (Lair:1)
  A steam dragon (Lair:4)
  A hungry ghost (D:8)
  A basilisk (Lair:4)
  A two-headed ogre zombie (D:9)
  Duvessa (D:5)
  6 porcupines
  4 water moccasins
  2 orc warriors (D:8)
  A sky beast (D:7)
  2 ice beasts (D:8)
  4 phantoms
  An ogre (D:7)
  6 wolves
  4 centaurs
  5 crocodiles
  12 bullfrogs
  2 big kobolds
  Dowan (D:5)
  A wyvern skeleton (D:9)
  3 scorpions
  3 troll zombies (D:9)
  23 killer bees
  5 wights (D:6)
  An electric eel (Lair:1)
  A bullfrog zombie (D:5)
  3 crimson imps
  2 orc priests
  4 hounds
  A jelly (D:10)
  2 orc wizards
  3 bullfrog skeletons
  Terence (D:2)
  2 iguanas
  6 worker ants
  2 killer bee zombies
  4 ogre zombies (D:9)
  2 hound skeletons (D:6)
  A howler monkey skeleton (D:9)
  A gnoll (D:1)
  7 adders
  2 oozes (D:2)
  An adder zombie (D:5)
  2 adder skeletons
  2 worms (D:4)
  2 dart slugs
  6 leopard geckos
  18 orcs
  8 giant cockroaches
  7 goblins
  5 hobgoblins
  10 jackals
  5 quokkas
  A ball python (D:7)
  A ball python skeleton (D:4)
  2 bats (D:1)
  5 frilled lizards
  A goblin skeleton (D:9)
  2 goblin zombies (D:9)
  2 hobgoblin zombies (D:9)
  6 kobolds
  4 orc skeletons (D:9)
  16 orc zombies (D:9)
  A quokka skeleton (D:4)
  A quokka zombie (D:5)
  3 rats
  A butterfly (Lair:1)
  A fungus (Lair:4)
  A plant (D:9)
302 creatures vanquished.

Vanquished Creatures (collateral kills)
  3 killer bees (Lair:1)
3 creatures vanquished.

Vanquished Creatures (others)
  2 killer bees (Lair:1)
  A hound (D:10)
  8 fungi
  6 plants
17 creatures vanquished.

Grand Total: 322 creatures vanquished

Notes
Turn   | Place    | Note
-------+----------+-------------------------------------------
     0 | D:1      | Granthy the Gnoll Wizard began the quest for the Orb.
     0 | D:1      | Reached XP level 1. HP: 13/13 MP: 8/8
   100 | D:1      | Reached XP level 2. HP: 8/19 MP: 6/10
   607 | D:1      | Reached XP level 3. HP: 16/25 MP: 7/11
   948 | D:2      | Found a blossoming altar of Fedhas.
  1025 | D:2      | Found a glowing golden altar of the Shining One.
  1136 | D:2      | Found a faded altar of an unknown god.
  1234 | D:2      | Noticed Terence
  1236 | D:2      | Reached skill level 1 in Invocations
  1250 | D:2      | Killed Terence
  1250 | D:2      | Reached skill level 1 in Fighting
  1250 | D:2      | Reached skill level 1 in Short Blades
  1250 | D:2      | Reached skill level 1 in Long Blades
  1250 | D:2      | Reached skill level 1 in Axes
  1250 | D:2      | Reached skill level 1 in Maces & Flails
  1250 | D:2      | Reached skill level 1 in Polearms
  1250 | D:2      | Reached skill level 1 in Staves
  1250 | D:2      | Reached skill level 1 in Slings
  1250 | D:2      | Reached skill level 1 in Bows
  1250 | D:2      | Reached skill level 1 in Crossbows
  1250 | D:2      | Reached skill level 1 in Throwing
  1250 | D:2      | Reached skill level 1 in Armour
  1250 | D:2      | Reached skill level 1 in Shields
  1250 | D:2      | Reached skill level 1 in Unarmed Combat
  1250 | D:2      | Reached skill level 1 in Evocations
  1250 | D:2      | Reached XP level 4. HP: 15/32 MP: 0/13
  1565 | D:2      | Reached skill level 1 in Hexes
  1565 | D:2      | Reached skill level 1 in Charms
  1565 | D:2      | Reached skill level 1 in Necromancy
  1565 | D:2      | Reached skill level 1 in Transmutations
  1565 | D:2      | Reached skill level 1 in Fire Magic
  1565 | D:2      | Reached skill level 1 in Ice Magic
  1565 | D:2      | Reached skill level 1 in Air Magic
  1565 | D:2      | Reached skill level 1 in Earth Magic
  1565 | D:2      | Reached skill level 1 in Poison Magic
  1802 | D:3      | Found a radiant altar of Vehumet.
  1809 | D:3      | Became a worshipper of Vehumet
  1853 | D:3      | Reached XP level 5. HP: 37/37 MP: 11/14
  1967 | D:3      | Found a hazy altar of Hepliaklqana.
  1969 | D:3      | Found a shimmering altar of Xom.
  1970 | D:3      | Noticed a spectral ugly thing
  2055 | D:3      | Found a bloodstained altar of Trog.
  2861 | D:4      | Found a basalt altar of Yredelemnul.
  2861 | D:4      | Found a shattered altar of Ashenzari.
  3007 | D:3      | Reached * piety under Vehumet
  3007 | D:3      | Offered knowledge of Sting by Vehumet.
  3010 | D:3      | Learned a level 1 spell: Sting
  3166 | D:3      | Reached XP level 6. HP: 43/44 MP: 12/16
  3176 | D:4      | Learned a level 3 spell: Mephitic Cloud
  3506 | D:4      | Noticed a phantom
  3545 | D:4      | Reached skill level 5 in Dodging
  3580 | D:4      | Noticed a phantom
  3596 | D:4      | Killed a phantom
  3713 | D:4      | Found a hide-covered altar of Uskayaw.
  3874 | D:4      | Killed a phantom
  3874 | D:4      | Reached XP level 7. HP: 26/50 MP: 2/18
  4175 | D:5      | Entered Level 5 of the Dungeon
  4190 | D:5      | Noticed Duvessa
  4190 | D:5      | Noticed Dowan
  4398 | D:6      | Found a staircase to the Ecumenical Temple.
  4462 | D:6      | Found a stormy altar of Qazlal.
  4501 | D:6      | Reached skill level 5 in Stealth
  4862 | D:6      | Reached XP level 8. HP: 57/57 MP: 13/19
  4880 | D:6      | Reached ** piety under Vehumet
  4880 | D:6      | Offered knowledge of Shock by Vehumet.
  4884 | D:6      | Learned a level 1 spell: Shock
  5549 | D:5      | Killed Duvessa
  5563 | D:5      | Killed Dowan
  5563 | D:5      | Reached skill level 8 in Spellcasting
  5772 | D:5      | Gained mutation: You do not regenerate when monsters are
                  | visible. [potion of mutation]
  5772 | D:5      | Gained mutation: You possess an exceptional clarity of
                  | mind. [potion of mutation]
  5772 | D:5      | Gained mutation: You occasionally shout uncontrollably at
                  | your foes. [potion of mutation]
  5772 | D:5      | Gained mutation: You have a pair of small horns on your
                  | head. [potion of mutation]
  5783 | D:5      | Lost mutation: You occasionally shout uncontrollably at
                  | your foes. [potion of mutation]
  5783 | D:5      | Lost mutation: You have a pair of small horns on your head.
                  | [potion of mutation]
  5783 | D:5      | Lost mutation: You do not regenerate when monsters are
                  | visible. [potion of mutation]
  5783 | D:5      | Gained mutation: You are frail. (-10% HP) [potion of
                  | mutation]
  5783 | D:5      | Gained mutation: Your magical capacity is low. (-10% MP)
                  | [potion of mutation]
  5783 | D:5      | Gained mutation: You are partially covered in molten
                  | scales. (AC +2) [potion of mutation]
  6901 | D:7      | Reached XP level 9. HP: 40/58 MP: 8/19
  7987 | D:8      | Offered knowledge of Ignite Poison by Vehumet.
  8060 | D:8      | Found a large runed translucent door.
  8064 | D:8      | Found a large runed translucent door.
  9306 | D:8      | Found a burning altar of Makhleb.
  9357 | D:8      | Noticed Zaque's ghost (novice TrHu)
 10200 | D:9      | Found a shadowy altar of Dithmenos.
 10272 | D:9      | Reached skill level 5 in Invocations
 10407 | D:9      | Found a transporter.
 10407 | D:9      | Noticed a cyclops
 10407 | D:9      | Noticed a moth of wrath
 10416 | D:9      | Noticed a troll
 10417 | D:9      | Found a bloodstained altar of Trog.
 10420 | D:9      | Noticed kuniqs's ghost (novice DEWz)
 10423 | D:9      | Found a transporter.
 10466 | D:9      | Found a staircase to the Lair.
 10467 | D:9      | Noticed a komodo dragon
 10549 | D:9      | Killed a komodo dragon
 10549 | D:9      | Reached XP level 10. HP: 36/65 MP: 2/20
 10728 | D:10     | Entered Level 10 of the Dungeon
 10750 | D:10     | Found a runed translucent gate.
 10750 | D:10     | Found a runed translucent gate.
 10751 | D:10     | Found a runed translucent gate.
 10819 | D:10     | HP: 3/65 [ogre/+0 giant spiked club (11)]
 11219 | D:9      | Reached *** piety under Vehumet
 11656 | D:9      | Offered knowledge of Stone Arrow by Vehumet.
 12004 | D:9      | Found a staircase to the Orcish Mines.
 12124 | D:9      | Learned a level 3 spell: Stone Arrow
 12525 | D:9      | Found Nuest's Food Shoppe.
 12530 | D:9      | Found a white marble altar of Elyvilon.
 12536 | D:9      | Found a sparkling altar of Nemelex Xobeh.
 13270 | Lair:1   | Entered Level 1 of the Lair of Beasts
 13276 | D:9      | Reached skill level 5 in Fighting
 13276 | D:9      | Reached skill level 5 in Short Blades
 13276 | D:9      | Reached skill level 5 in Long Blades
 13276 | D:9      | Reached skill level 5 in Axes
 13276 | D:9      | Reached skill level 5 in Maces & Flails
 13276 | D:9      | Reached skill level 5 in Polearms
 13276 | D:9      | Reached skill level 5 in Staves
 13276 | D:9      | Reached skill level 5 in Slings
 13276 | D:9      | Reached skill level 5 in Bows
 13276 | D:9      | Reached skill level 5 in Crossbows
 13276 | D:9      | Reached skill level 5 in Throwing
 13276 | D:9      | Reached skill level 5 in Armour
 13276 | D:9      | Reached skill level 5 in Shields
 13276 | D:9      | Reached skill level 5 in Unarmed Combat
 13276 | D:9      | Reached skill level 5 in Evocations
 13642 | Lair:1   | Reached skill level 9 in Spellcasting
 13742 | Lair:1   | Reached **** piety under Vehumet
 13952 | D:9      | Reached skill level 5 in Conjurations
 13952 | D:9      | Reached skill level 5 in Summonings
 13952 | D:9      | Reached skill level 5 in Translocations
 14229 | Lair:1   | Noticed a spiny frog
 14235 | Lair:1   | Killed a spiny frog
 14265 | Lair:1   | You fall into a shaft and drop 1 floor!
 14417 | Lair:2   | Noticed an elephant
 14448 | Lair:2   | Noticed a spiny frog
 14459 | Lair:2   | Killed a spiny frog
 14567 | Lair:1   | Noticed an oklob plant
 14651 | Lair:1   | Reached XP level 11. HP: 72/72 MP: 11/21
 14669 | Lair:1   | Offered knowledge of Lightning Bolt by Vehumet.
 15490 | Lair:1   | Reached skill level 5 in Hexes
 15490 | Lair:1   | Reached skill level 5 in Charms
 15490 | Lair:1   | Reached skill level 5 in Necromancy
 15490 | Lair:1   | Reached skill level 5 in Transmutations
 15490 | Lair:1   | Reached skill level 5 in Fire Magic
 15490 | Lair:1   | Reached skill level 5 in Ice Magic
 15490 | Lair:1   | Reached skill level 5 in Air Magic
 15490 | Lair:1   | Reached skill level 5 in Earth Magic
 15490 | Lair:1   | Reached skill level 5 in Poison Magic
 16795 | Lair:1   | Learned a level 5 spell: Lightning Bolt
 18313 | Lair:2   | Reached XP level 12. HP: 80/80 MP: 6/23
 18992 | Lair:2   | Upgraded the game from 0.24.0-1-gfbc8707122 to
                  | 0.24.0-2-g5b39cebb1c
 19006 | Lair:2   | Learned a level 4 spell: Animate Dead
 19036 | Lair:3   | Found a staircase to the Snake Pit.
 19543 | Lair:3   | Reached skill level 10 in Spellcasting
 19800 | Lair:3   | Noticed Snorg
 19816 | Lair:3   | Killed Snorg
 20155 | Lair:3   | Found a staircase to the Shoals.
 20447 | Lair:4   | Noticed a six-headed hydra
 20452 | Lair:4   | Killed a six-headed hydra
 20539 | Lair:4   | Got a warped great sword
 20540 | Lair:4   | Identified the cursed +1 great sword "Ladghela" {freeze,
                  | rN+ Int+4} (You found it on level 4 of the Lair of Beasts)
 22107 | Lair:5   | Noticed a four-headed hydra
 22119 | Lair:5   | Killed a four-headed hydra
 22244 | Lair:5   | Found a staircase to the Slime Pits.
 22359 | Lair:5   | Noticed a six-headed hydra
 22365 | Lair:5   | Killed a six-headed hydra
 22492 | Lair:5   | Noticed a seven-headed hydra
 22493 | Lair:5   | Noticed a catoblepas
 22499 | Lair:5   | HP: 2/81 [seven-headed hydra (12)]
 22500 | Lair:5   | Mangled by a seven-headed hydra

Levels and vault maps discovered:
D:1:      shiori_arrival_maze, layout_loops_cross
D:2:      layout_basic, old_standard_altar, chequers_ecumenical_altar_simple,
          tso_metal_star, uniq_terence
D:3:      layout_basic, regret_index_temple_of_mockery, lightli_temple_of_fire,
          nicolae_overflow_crystal_walls
D:4:      layout_rooms, lemuel_doored_altar, gammafunk_temple_overflow_wave,
          chequers_serial_rivers_marsh, nrook_campfire
D:5:      layout_basic, first_ration, uniq_duvessa
D:6:      layout_loops_ring, kennysheep_mini, minmay_temple_entry_wispy
D:7:      layout_basic, minivault_26
D:8:      layout_basic, lemuel_coloured_pillars_altar,
          ebering_ghost_disaster_area
D:9:      layout_roguey, grunt_dithmenos_smoke, grunt_temple_overflow_open,
          david_lair_shrubbed, zombieorc2_lemuel, enter_bailey_8, serial_shops,
          shop, gammafunk_ghost_wrathful_warriors
D:10:     layout_irregular_city, gammafunk_ghost_necromancy
Lair:1:   layout_roguey [special_room_bee], chequers_serial_rivers_micro_a,
          infiniplex_staircase_pool, minmay_lair_oklob_chamber,
          lemuel_fruit_tree
Lair:2:   layout_regular_city, infiniplex_staircase_pool_2, lemuel_fruit_fields
Lair:3:   layout_regular_city, minmay_shoals_entry_lonely_mermaid,
          dummy_snake_entry, uniq_snorg
Lair:4:   layout_small_grid
Lair:5:   layout_small_grid, slime_dummy

Skill      XL: |  1  2  3  4  5  6  7  8  9 10 11 12 |
---------------+-------------------------------------+-----
Conjurations   | 2 3 4 5 6 |  6.7
Summonings     | 2 3 4 5 6 |  6.7
Translocations | 2 3 4 5 6 |  6.7
Invocations    | 1 2 3 4 5 6 7 8 |  8.3
Fighting       | 1 2 3 4 5 6 7 |  7.5
Short Blades   | 1 2 3 4 5 6 7 |  7.5
Long Blades    | 1 2 3 4 5 6 7 |  7.5
Axes           | 1 2 3 4 5 6 7 |  7.5
Maces & Flails | 1 2 3 4 5 6 7 |  7.5
Polearms       | 1 2 3 4 5 6 7 |  7.5
Staves         | 1 2 3 4 5 6 7 |  7.5
Slings         | 1 2 3 4 5 6 7 |  7.5
Bows           | 1 2 3 4 5 6 7 |  7.5
Crossbows      | 1 2 3 4 5 6 7 |  7.5
Throwing       | 1 2 3 4 5 6 7 |  7.5
Armour         | 1 2 3 4 5 6 7 |  7.5
Shields        | 1 2 3 4 5 6 7 |  7.5
Unarmed Combat | 1 2 3 4 5 6 7 |  7.5
Evocations     | 1 2 3 4 5 6 7 |  7.5
Hexes          | 1 2 3 4 5 6 |  6.2
Charms         | 1 2 3 4 5 6 |  6.2
Necromancy     | 1 2 3 4 5 6 |  6.2
Transmutations | 1 2 3 4 5 6 |  6.2
Fire Magic     | 1 2 3 4 5 6 |  6.2
Ice Magic      | 1 2 3 4 5 6 |  6.2
Air Magic      | 1 2 3 4 5 6 |  6.2
Earth Magic    | 1 2 3 4 5 6 |  6.2
Poison Magic   | 1 2 3 4 5 6 |  6.2
Dodging        | 5 6 7 8 |  8.9
Stealth        | 5 6 7 8 |  8.7
Spellcasting   | 8 9 10 | 10.3

Action                   |  1- 3 |  4- 6 |  7- 9 | 10-12 || total
-------------------------+-------+-------+-------+-------++-------
Melee: Short sword       |    50 |    37 |       |       ||    87
       Bite              |     8 |     3 |       |    14 ||    25
       Staff             |       |       |     7 |    90 ||    97
       Punch             |       |       |     1 |     2 ||     3
       Great sword       |       |       |       |    23 ||    23
 Cast: Magic Dart        |    49 |   130 |   217 |   241 ||   637
       Sting             |       |    25 |   138 |     5 ||   168
       Mephitic Cloud    |       |     1 |    18 |    58 ||    77
       Shock             |       |       |    54 |       ||    54
       Stone Arrow       |       |       |       |   265 ||   265
       Lightning Bolt    |       |       |       |     3 ||     3
Evoke: Wand              |       |       |       |     1 ||     1
  Use: Scroll            |       |       |     5 |    16 ||    21
       Potion            |       |       |     3 |       ||     3
 Stab: Sleeping          |     1 |     1 |       |     2 ||     4
       Confused          |       |       |       |     1 ||     1
  Eat: Chunk             |     1 |     8 |    13 |    14 ||    36
       Ration            |       |       |     3 |     7 ||    10
Armor: Robe              |     6 |    13 |    23 |       ||    42
       Leather armour    |       |       |     9 |    67 ||    76
       Troll leather arm |       |       |       |    31 ||    31
Dodge: Dodged            |    49 |    62 |   130 |   303 ||   544
       Rpst.: Great sword |       |       |       |     8 ||     8
